Map: Pylon LE

Players

yUNgBLuMpKiN

  • Race: Zerg Zerg
  • League: Master
  • Spawn Location: 11:00

KimChiStew - Winner!

  • Race: Terran Terran
  • League: Master
  • Spawn Location: 5:00

VOD

Have the link to the VOD?

Description

Time

  • Played on: Oct. 29, 2025, 9:04 p.m.
  • Length: 11:46
Show
View Real Time Build Order
Export as new Build Order

yUNgBLuMpKiN Zerg 

Build Orders: Hatch First 

Get SALT Encoding   

  12  0:00  Drone  
  13  0:13  Overlord  
  13  0:16  Drone  
  14  0:32  Drone x2  
  17  0:35  Drone  
  17  0:53  Hatchery  
  17  0:55  Drone  
  17  0:59  Drone  
  17  1:02  Extractor  
  17  1:13  Spawning Pool  
  17  1:15  Drone  
  17  1:19  Drone  
  18  1:29  Drone  
  20  1:40  Drone  
  20  2:00  Queen  
  22  2:05  Queen  
  24  2:08  Hatchery  
  24  2:12  Zergling x2  
  24  2:16  Overlord  
  24  2:22  Drone  
  25  2:23  Drone  
  25  2:26  Drone  
  27  2:34  Drone x3  
  30  2:41  Drone  
  31  2:46  Queen  
  31  2:50  Overlord  
  33  2:55  Metabolic Boost  
  33  3:02  Drone x3  
  36  3:18  Drone  
  36  3:19  Drone x4  
  40  3:21  Overlord  
  40  3:28  Queen  
  40  3:29  Queen  
  44  3:39  Overlord  
  44  3:46  Drone  
  44  3:47  Drone x5  
  50  3:55  Drone  
  51  3:56  Lair  
  51  3:57  Evolution Chamber  
  51  3:59  Drone  
  51  4:00  Drone x3  
  54  4:07  Overlord x2  
  54  4:19  Extractor  
  54  4:20  Extractor  
  54  4:21  Drone, Extractor  
  54  4:22  Drone x7  
  59  4:30  Baneling Nest  
  58  4:43  Zergling x14  
  65  5:01  Zergling x20  
  75  5:13  Centrifugal Hooks  
  75  5:16  Drone  
  75  5:17  Drone x2  
  75  5:18  Drone x2  
  75  5:20  Overlord  
  80  5:23  Pneumatized Carapace  
  80  5:32  Hatchery  
  79  5:37  Queen  
  79  5:40  Overlord x3  
  81  5:43  Overseer  
  81  5:49  Overseer  
  81  5:56  Queen  
  81  6:00  Spore Crawler  
  81  6:03  Spore Crawler  
  79  6:05  Spore Crawler, Queen  
  80  6:31  Evolution Chamber, Drone  
  80  6:32  Drone x2  
  82  6:33  Evolution Chamber, Drone x5, Infestation Pit  
  82  6:34  Drone x3  
  82  6:35  Drone x4  
  82  6:39  Overlord x3  
  92  7:02  Zergling x20  
  102  7:14  Hive  
  102  7:15  Infestor  
  102  7:16  Infestor x2  
  102  7:22  Extractor  
  107  7:23  Drone  
  107  7:24  Drone x2, Extractor  
  107  7:25  Drone x4  
  107  7:28  Drone x5, Queen  
  120  7:42  Queen x2  
  124  8:05  Burrow  
  124  8:10  Zergling x22  
  124  8:11  Zergling x14  
  142  8:17  Baneling x20  
  142  8:23  Microbial Shroud  
  142  8:27  Zergling x4  
  143  8:28  Overlord  
  143  8:29  Overlord x4  
  117  8:50  Zergling x12  
  117  8:51  Zergling x16  
  117  8:53  Baneling x13  
  117  8:54  Baneling x3  
  130  8:57  Zergling x14  
  104  9:19  Zergling x22  
  104  9:22  Adrenal Glands  
  107  9:25  Ultralisk Cavern  
  98  9:35  Infestor x2  
  98  9:37  Zergling x14  
  97  9:46  Hatchery  
  97  9:51  Zergling x10  
  97  9:52  Zergling x2  
  96  9:59  Hatchery  
  80  10:02  Baneling  
  80  10:03  Baneling x3  
  72  10:09  Spawning Pool  
  72  10:10  Spire, Extractor x2  
  62  10:19  Zergling x4  
  62  10:20  Zergling x4  
  66  10:27  Hatchery  
  65  10:28  Ultralisk x2  
  65  10:29  Zergling x8  
  65  10:35  Lair  
  73  10:36  Infestation Pit  
  73  10:38  Drone x3  
  73  10:41  Drone x3  
  68  10:44  Zergling x12  
  60  11:10  Baneling Nest  
  47  11:21  Evolution Chamber  
  47  11:22  Evolution Chamber  
Show
View Real Time Build Order
Export as new Build Order

KimChiStew Terran - Winner!

Build Orders: Reaper Expand, Hellion Banshee 

Get SALT Encoding   

  12  0:00  SCV  
  13  0:12  SCV  
  14  0:17  Supply Depot  
  14  0:25  SCV  
  15  0:39  SCV  
  15  0:41  Barracks  
  16  0:46  Refinery  
  16  0:51  SCV  
  17  1:03  SCV  
  18  1:15  SCV  
  19  1:27  Orbital Command  
  19  1:29  Reaper  
  20  1:41  Command Center  
  20  1:54  Supply Depot  
  20  1:55  SCV  
  21  2:01  Marine  
  21  2:07  SCV  
  23  2:15  Factory  
  23  2:19  SCV, Refinery  
  24  2:23  Barracks Reactor  
  24  2:28  Bunker  
  24  2:34  SCV  
  25  2:46  SCV  
  26  2:53  Supply Depot  
  26  2:55  Orbital Command  
  26  2:58  SCV  
  27  3:01  Starport  
  27  3:10  Barracks Tech Lab  
  27  3:15  Hellion x2  
  31  3:20  SCV  
  32  3:33  SCV  
  33  3:34  SCV  
  34  3:43  Hellion  
  34  3:44  Banshee, Hellion  
  34  3:45  SCV, Cloaking Field  
  34  3:46  Marine  
  43  3:53  SCV  
  44  3:57  SCV  
  45  4:04  Hellion  
  45  4:05  Hellion  
  45  4:09  SCV x2  
  51  4:11  Supply Depot  
  51  4:16  Barracks Tech Lab  
  51  4:21  SCV x2  
  53  4:30  Supply Depot  
  53  4:32  Banshee  
  53  4:33  SCV  
  53  4:36  Factory Reactor  
  57  4:40  Stimpack  
  57  4:44  Barracks  
  57  4:46  SCV x2  
  57  4:48  Barracks  
  59  4:54  Supply Depot  
  59  4:58  SCV x2  
  61  5:02  Command Center  
  61  5:10  SCV  
  61  5:13  Supply Depot  
  62  5:27  Starport Reactor  
  62  5:29  Marine  
  62  5:34  Engineering Bay  
  62  5:35  Engineering Bay  
  63  5:36  SCV  
  63  5:37  SCV, Refinery x2  
  65  5:46  Marine  
  65  5:48  SCV  
  65  5:49  Marine x3, SCV  
  71  5:50  Siege Tank  
  74  6:01  SCV  
  75  6:04  Marine  
  75  6:06  Medivac x2  
  75  6:07  Marine x3  
  83  6:13  Barracks  
  83  6:20  Combat Shield  
  83  6:22  Marine  
  83  6:25  Marine x3  
  87  6:31  Orbital Command  
  87  6:35  Terran Infantry Weapons Level 1  
  87  6:36  Medivac, Terran Infantry Armor Level 1  
  90  6:40  SCV  
  90  6:41  Marine  
  90  6:42  Marine  
  90  6:43  Marine  
  90  6:45  Barracks Reactor  
  93  6:51  Supply Depot  
  93  6:52  SCV, Supply Depot  
  93  6:53  Barracks  
  94  6:54  Barracks  
  94  6:55  Supply Depot  
  94  6:56  Supply Depot  
  94  6:59  Armory  
  94  7:04  Marine x3  
  97  7:16  Medivac x2  
  97  7:21  Marine  
  97  7:22  Marine x2, Siege Tank  
  107  7:23  Marine x4  
  107  7:28  Missile Turret  
  111  7:30  Missile Turret  
  111  7:32  Missile Turret  
  111  7:33  Missile Turret  
  111  7:39  Marine x3  
  111  7:41  Marine  
  115  7:49  Marine  
  116  7:51  Barracks Reactor x2, Orbital Command  
  116  7:53  Marine x2, Supply Depot  
  116  7:54  Supply Depot  
  116  7:55  Supply Depot  
  116  7:57  Marine x3  
  121  8:00  Supply Depot  
  121  8:02  Marine  
  122  8:07  Marine  
  122  8:11  Marine x2, Medivac  
  127  8:15  Marine x3  
  130  8:20  Marine  
  130  8:24  Marine  
  132  8:29  Marine x2  
  132  8:33  Marine x3  
  111  8:42  Marine x6  
  111  8:47  Marine x2  
  119  8:51  Marine x3  
  119  8:53  Siege Tank  
  125  8:59  Marine  
  125  9:00  Marine x5  
  131  9:04  Marine  
  131  9:05  Marine  
  131  9:08  Marine x2  
  131  9:09  Marine  
  100  9:17  Marine  
  100  9:19  Marine x5  
  100  9:22  Marine x2  
  101  9:26  Marine x3, Siege Tank  
  102  9:34  Medivac  
  102  9:35  Marine  
  102  9:37  Marine x5  
  110  9:40  Marine x2  
  110  9:44  Marine x3  
  112  9:53  Marine  
  112  9:54  Marine  
  112  9:55  Marine x4  
  112  9:58  Marine x2  
  120  10:02  Marine x3  
  123  10:11  Marine  
  123  10:12  Marine  
  123  10:13  Marine x4  
  129  10:16  Marine x2  
  129  10:20  Marine x3  
  125  10:29  Marine  
  125  10:30  Marine  
  125  10:31  Marine x4  
  125  10:33  Marine  
  125  10:34  Marine  
  133  10:37  Marine x2  
  133  10:38  Marine  
  136  10:46  Marine  
  136  10:48  Marine x2  
  133  10:59  Marine x8  
  138  11:04  Marine  
  138  11:06  Marine x2  
  129  11:17  Marine x8  
  128  11:22  Marine  
  128  11:23  Marine  
  128  11:24  Marine  
Tags
 
Add a new tag
Caveats
  • Supply blocks, unpowered buildings, or Contaminate may cause inaccurate times.
  • Supply counts are checked every 10 seconds.